[Event "Team 45 45 League T49"]
[Site "Internet Chess Club"]
[Date "2011.05.22"]
[Round "2"]
[White "badmove"]
[Black "DanMcClintic"]
[Result "1-0"]
[WhiteElo "1732"]
[BlackElo "1585"]
[Opening "King's Indian: 5.Nf3"]
[ECO "E90"]
[Time "16:01:41"]
[TimeControl "2700+45"]

1. d4 Nf6 2. c4 g6 3. Nc3 Bg7 4. e4 d6 5. Nf3 O-O 6. h3 e5 7. d5 a5 8. Bg5 h6 9.
Be3 Na6 10. Nd2 Nh7 11. g4 f5 12. gxf5 gxf5 13. exf5 Bxf5 14. Rg1 Kh8 15. Qh5
Qe8 16. Qxe8 Raxe8 17. Nde4 Nf6 18. f3 Nb4 19. O-O-O Nxe4 20. fxe4 Bd7 21. Be2
Rf6 22. Rg3 Re7 23. Rdg1 c6 24. Rg6 Ref7 25. a3 Na6 26. h4 Kh7 27. h5 Nc5 28.
Kc2 cxd5 29. cxd5 Be8 30. b4 axb4 31. axb4 Na4 32. Bg4 Rc7 33. Bd2 Bxg6 34.
hxg6+ Kh8 35. Bf5 Rxf5 36. exf5 e4 37. Rg3 Be5 38. Rh3 Nxc3 39. Bxc3 Kg7 40. Kd2
e3+ 41. Rxe3 Kf6 42. Bxe5+ dxe5 43. Rd3 Rd7 44. d6 Kxf5 45. g7 Rd8 46. d7 e4 47.
Rd5+ Ke6 48. g8=Q+ Rxg8 49. d8=Q Rxd8 50. Rxd8 Kf5 51. Ke3 Kg4 52. Rb8 {Black
resigns} 1-0

[Event "Team 45 45 League T49"]
[Site "Internet Chess Club"]
[Date "2011.05.22"]
[Round "2"]
[White "oldprez"]
[Black "MateIn42"]
[Result "0-1"]
[WhiteElo "1359"]
[BlackElo "1432"]
[Opening "Vienna game"]
[ECO "C26"]
[Time "14:03:24"]
[TimeControl "2700+45"]

1. e4 Nf6 2. Nc3 e5 3. Bc4 Bb4 4. Nge2 Nc6 5. a3 Bxc3 6. Nxc3 Nxe4 7. Nxe4 d5 8.
Bd3 dxe4 9. Bxe4 Nd4 10. c3 Bf5 11. Bxb7 Nc2+ 12. Kf1 Nxa1 13. Bxa8 Qxa8 14. d3
Qd5 15. Qa4+ c6 16. d4 Qb5+ 17. Qxb5 cxb5 18. dxe5 Bd3+ 19. Ke1 Nb3 20. h4 Be4
21. f3 Nxc1 22. fxe4 Nd3+ 23. Kd2 Nxb2 24. Kc2 Nc4 25. e6 fxe6 26. Kb3 Nd2+ 27.
Kb4 Nxe4 28. Re1 Nd6 29. Rxe6+ Kd7 30. Re2 Re8 31. Rd2 Re4+ 32. Ka5 Ra4# {White
checkmated} 0-1

[Event "Team 45 45 League T49"]
[Site "Internet Chess Club"]
[Date "2011.05.21"]
[Round "2"]
[White "guyd52"]
[Black "The-Capitalist"]
[Result "0-1"]
[WhiteElo "1221"]
[BlackElo "1344"]
[Opening "Réti: King's Indian attack (Barcza system)"]
[ECO "A07"]
[Time "07:00:29"]
[TimeControl "2700+45"]

1. g3 d5 2. Nf3 Nf6 3. Bg2 c6 4. d3 Bg4 5. O-O e6 6. Nbd2 Nbd7 7. c4 Be7 8. cxd5
exd5 9. a3 O-O 10. b4 a5 11. bxa5 Qxa5 12. Qb3 Nc5 13. Qb1 Rfb8 14. Ne5 Bf5 15.
f3 Bd6 16. Bb2 Qxd2 17. e4 Be6 18. Rf2 Qe3 19. Bc1 Qd4 20. Bb2 Qa4 21. Rc2 Nb3
22. Ra2 Qa7+ 23. Kh1 Nd4 24. Bxd4 Qxd4 25. f4 Bxe5 26. fxe5 Qxe5 27. Rc5 Nd7 28.
Rcc2 dxe4 29. d4 Qxd4 30. Rd2 Qe3 31. Re2 Bxa2 32. Qxa2 Qc1+ 33. Re1 Qxe1+ 34.
Bf1 Qxf1# {White checkmated} 0-1

[Event "Team 45 45 League T49"]
[Site "Internet Chess Club"]
[Date "2011.05.20"]
[Round "2"]
[White "kingsrook"]
[Black "carolinaknight"]
[Result "1-0"]
[WhiteElo "1295"]
[BlackElo "1204"]
[Opening "Queen's pawn"]
[ECO "A40"]
[Time "19:06:24"]
[TimeControl "2700+45"]

1. d4 e6 2. Nf3 Nf6 3. Nbd2 c5 4. c3 Be7 5. e3 b6 6. Bd3 Bb7 7. O-O Qc7 8. Re1
O-O 9. e4 d6 10. e5 Ng4 11. h3 Nh6 12. Qc2 Nf5 13. Bxf5 exf5 14. Qxf5 Bc8 15.
Qe4 Bb7 16. Qf4 c4 17. Ne4 d5 18. Nd6 Nd7 19. Qg3 Rab8 20. Bh6 g6 21. Bxf8 Nxf8
22. Qf4 Bd8 23. Re2 Ne6 24. Qh6 Ba6 25. Rae1 b5 26. a3 Qe7 27. h4 Bc7 28. Ng5
Nxg5 29. Qxg5 Qxg5 30. hxg5 Bd8 31. f4 Ba5 32. e6 fxe6 33. Rxe6 Rf8 34. g3 Bc7
35. Kf2 Bxd6 36. Rxd6 Bb7 37. Re7 {Black resigns} 1-0

[Event "Team 45 45 League T49"]
[Site "Internet Chess Club"]
[Date "2011.05.23"]
[Round "2"]
[White "wekabird"]
[Black "KidRattler"]
[Result "0-1"]
[WhiteElo "1190"]
[BlackElo "1170"]
[Opening "English: symmetrical variation"]
[ECO "A35"]
[Time "07:00:27"]
[TimeControl "2700+45"]

1. c4 c5 2. Nc3 Nc6 3. d3 e5 4. e4 Nf6 5. Nf3 d6 6. h3 Be7 7. g3 Nd4 8. Bg2 Bd7
9. O-O O-O 10. Nxd4 exd4 11. Ne2 a6 12. b3 Bc6 13. Re1 b5 14. Nf4 Qd7 15. Nd5
Bxd5 16. exd5 Rae8 17. Bg5 Bd8 18. Bxf6 Bxf6 19. a4 b4 20. Qh5 g6 21. Qf3 Rxe1+
22. Rxe1 Bg7 23. Kh2 Re8 24. Re4 Re5 25. Rxe5 Bxe5 26. Qe2 Qe7 27. f4 Bf6 28.
Be4 a5 29. Qg4 h5 30. Qc8+ Qd8 31. Qa6 Kf8 32. Qb5 Ke7 33. Qb7+ Qd7 34. Qc6 h4
35. Qb6 Qd8 36. Qa7+ Kf8 37. g4 g5 38. fxg5 Be5+ 39. Kg2 Qxg5 40. Qa8+ Kg7 41.
Qc8 Qd2+ 42. Kh1 Qh2# {White checkmated} 0-1

[Event "Team 45 45 League T49"]
[Site "Internet Chess Club"]
[Date "2011.05.22"]
[Round "2"]
[White "kjs110"]
[Black "WilmaP"]
[Result "1-0"]
[WhiteElo "1080"]
[BlackElo "1170"]
[Opening "French defense"]
[ECO "C00"]
[Time "15:00:21"]
[TimeControl "2700+45"]

1. e4 e6 2. Bb5 c6 3. Ba4 d5 4. e5 b5 5. Bb3 Qb6 6. d4 c5 7. c3 Nc6 8. Nf3 Nge7
9. O-O c4 10. Bc2 g6 11. Bf4 Bg7 12. Nbd2 O-O 13. Qe2 b4 14. Rfb1 Nf5 15. g4
Nfxd4 16. cxd4 Nxd4 17. Nxd4 Qxd4 18. Be3 Qxe5 19. f4 Qb8 20. a3 b3 21. Bd1 d4
22. Bf2 Qxf4 23. Bg3 d3 24. Qg2 Bd4+ 25. Kh1 Qg5 26. Qxa8 Qxd2 27. Qg2 Bb7 28.
Qxb7 Bxb2 29. Qg2 c3 30. Qxd2 cxd2 31. Rxb2 f5 32. Rxd2 f4 33. Bf2 a5 34. Bxb3
Kg7 35. Rxd3 e5 36. Rd5 e4 37. Bd4+ Kh6 38. g5+ Kh5 39. Bd1+ Kh4 40. Bf2+ Kh3
41. a4 e3 42. Be1 f3 43. Bxa5 f2 44. Be2 Rc8 45. Bb6 Rc2 46. Bd3 f1=Q+ 47. Bxf1+
Kg4 48. Bd3 Rd2 49. Bf5+ Kf4 50. Bxe3+ Kxe3 51. Rxd2 Kxd2 52. Bd7 Ke3 53. a5 Kf4
54. Rg1 Ke5 55. a6 Kd6 56. Ba4 Kc7 57. a7 Kb7 58. Be8 Kxa7 59. Ra1+ Kb8 60. Rb1+
Kc8 61. Re1 Kd8 62. Bb5 Kc7 63. Re7+ Kd6 64. Rxh7 Ke5 65. Rg7 Kf5 66. Bd3+ Kxg5
67. Rxg6+ Kh5 68. Rg1 Kh4 69. Bc4 Kh3 70. Rg8 Kh4 71. Rh8+ Kg5 72. h3 Kg6 73.
Bd3+ Kg7 74. Ra8 Kh6 75. Kg2 Kg5 76. Kg3 Kf6 77. h4 Kg7 78. Kg4 Kh6 79. h5 Kg7
80. Kg5 Kf7 81. h6 Ke6 82. h7 Kf7 83. h8=Q Ke6 84. Ra5 Kd6 85. Qf6+ Kd7 86. Ra7+
Kc8 87. Qh8# {Black checkmated} 1-0

[Event "Team 45 45 League T49"]
[Site "Internet Chess Club"]
[Date "2011.05.24"]
[Round "2"]
[White "BrianWood"]
[Black "mrmarck"]
[Result "1-0"]
[WhiteElo "1500"]
[BlackElo "1229"]
[Opening "English opening"]
[ECO "E20"]
[Time "17:00:15"]
[TimeControl "2700+45"]

1. c4 Nf6 2. Nc3 e6 3. d4 Be7 4. e4 d5 5. cxd5 exd5 6. e5 Ne4 7. Bd3 Nxc3 8.
bxc3 Be6 9. Ne2 Nd7 10. Nf4 c5 11. Nxe6 fxe6 12. Qh5+ Kf8 13. Bxh7 cxd4 14. Qf3+
{Black resigns} 1-0

[Event "Team 45 45 League T49"]
[Site "Internet Chess Club"]
[Date "2011.05.19"]
[Round "2"]
[White "BosqueVerde"]
[Black "sockmonkey"]
[Result "0-1"]
[WhiteElo "1238"]
[BlackElo "1110"]
[Opening "QGD: 3.Nc3"]
[ECO "D31"]
[Time "21:22:23"]
[TimeControl "2700+45"]

1. d4 d5 2. c4 e6 3. Nc3 f5 4. Nf3 Nf6 5. Bg5 c6 6. e3 Be7 7. cxd5 exd5 8. Bd3
Ne4 9. Bxe7 Qxe7 10. O-O O-O 11. Qc2 Nd7 12. Rac1 Ndf6 13. Ne2 Bd7 14. Nf4 g5
15. Nxg5 Nxg5 16. Bxf5 Nfe4 17. Bxe4 Qxe4 18. Qe2 Rxf4 19. Qh5 Rf5 20. Rc3 Raf8
21. h4 Nh3+ 22. gxh3 Rxh5 23. Kh2 Rf3 24. Rg1+ Kf7 25. Rg3 Rxg3 26. fxg3 Rf5 27.
Rc2 Qxc2+ {White resigns} 0-1

[Event "Team 45 45 League T49"]
[Site "Internet Chess Club"]
[Date "2011.05.24"]
[Round "2"]
[White "kabubi"]
[Black "Traho"]
[Result "1/2-1/2"]
[WhiteElo "1154"]
[BlackElo "1173"]
[Opening "Caro-Kann: exchange variation"]
[ECO "B13"]
[Time "10:00:11"]
[TimeControl "2700+45"]

1. e4 c6 2. d4 d5 3. exd5 cxd5 4. Bd3 Nc6 5. c3 e6 6. Bf4 Nf6 7. Nf3 Nh5 8. Qd2
Nxf4 9. Qxf4 h6 10. O-O Qd6 11. Qxd6 Bxd6 12. Bb5 O-O 13. Re1 a6 14. Bd3 Bd7 15.
Nbd2 Rac8 16. Nb3 b5 17. Ne5 Nxe5 18. dxe5 Be7 19. Nd4 Rc7 20. Rac1 Rfc8 21. Re2
Bg5 22. Rcc2 f5 23. exf6 Bxf6 24. Nxe6 Bxe6 25. Rxe6 Rc6 26. Rxc6 Rxc6 27. Re2
Kf7 28. f4 d4 29. cxd4 Bxd4+ 30. Kf1 Rc1+ 31. Re1 Rxe1+ 32. Kxe1 Bxb2 33. Kd2
Ba3 34. Kc3 Bd6 35. g3 b4+ 36. Kb3 a5 37. Ka4 Bc7 38. a3 Bd6 39. axb4 axb4 40.
Kb3 Kf6 41. Kc4 Be7 42. h3 Bf8 43. g4 Bd6 44. f5 Be7 45. Be4 Kg5 46. Bd3 h5 47.
gxh5 Kxh5 48. Be2+ Kg5 49. Bd3 Kh4 50. Bf1 {Game drawn by mutual agreement}
1/2-1/2

[Event "Team 45 45 League T49"]
[Site "Internet Chess Club"]
[Date "2011.05.24"]
[Round "2"]
[White "WannaB"]
[Black "tcianciola"]
[Result "0-1"]
[WhiteElo "1055"]
[BlackElo "1176"]
[Opening "Sicilian: Grand Prix attack"]
[ECO "B23"]
[Time "19:00:29"]
[TimeControl "2700+45"]

1. e4 c5 2. Nc3 Nc6 3. f4 d6 4. Bb5 Nf6 5. Bxc6+ bxc6 6. Nf3 Bg4 7. O-O g6 8.
Na4 Nxe4 9. d3 Nf6 10. Qe1 Bh6 11. Qh4 Bg7 12. Nc3 O-O 13. Ne4 Bxf3 14. Rxf3
Nxe4 15. dxe4 Bf6 16. Qe1 Qb6 17. Rb1 Rfe8 18. Rb3 Qc7 19. Bd2 d5 20. e5 Bg7 21.
Ba5 Qd7 22. Qf2 Qf5 23. g3 f6 24. Qxc5 fxe5 25. Re1 e4 26. Qxc6 Rac8 27. Qb5 Rb8
28. Qe2 Rxb3 29. cxb3 e5 30. Qb5 Qe6 31. Bc3 d4 32. Bd2 e3 33. Bc1 exf4 34. gxf4
Rf8 35. Qb7 Qg4+ 36. Kh1 Rxf4 37. Qb8+ Bf8 38. Qxa7 Rf2 39. Bxe3 Qg2# {White
checkmated} 0-1

[Event "Team 45 45 League T49"]
[Site "Internet Chess Club"]
[Date "2011.05.20"]
[Round "2"]
[White "heartbreakkid"]
[Black "Duguesclin"]
[Result "1-0"]
[WhiteElo "1855"]
[BlackElo "1584"]
[Opening "Nimzo-Indian: 4.e3 O-O, 5.Bd3"]
[ECO "E47"]
[Time "15:09:44"]
[TimeControl "2700+45"]

1. d4 Nf6 2. c4 e6 3. Nc3 Bb4 4. e3 O-O 5. Bd3 b6 6. Nf3 Bb7 7. O-O c5 8. Na4
cxd4 9. exd4 Be7 10. Nc3 d5 11. cxd5 Nxd5 12. Re1 Nd7 13. Qc2 N7f6 14. Ng5 h6
15. Nxd5 Qxd5 16. Nf3 Rac8 17. Qe2 Rfd8 18. Bd2 Bd6 19. h3 g5 20. a3 a5 21. b4
axb4 22. axb4 Ra8 23. b5 Ra2 24. Rec1 Bf4 25. Rxa2 Qxa2 26. Bxf4 Qxe2 27. Bxe2
gxf4 28. Ne5 Rxd4 29. Rc7 Bxg2 30. Kxg2 Re4 31. Ng4 Nxg4 32. Bxg4 Re5 33. Kf3
Rxb5 34. Kxf4 h5 35. Bf3 Rf5+ 36. Ke3 Kg7 37. h4 Kf6 38. Rc6 b5 39. Be4 Re5 40.
f4 b4 41. fxe5+ Kxe5 42. Rc5+ Kd6 43. Rb5 f5 44. Bf3 e5 45. Bxh5 {Black resigns}
1-0

[Event "Team 45 45 League T49"]
[Site "Internet Chess Club"]
[Date "2011.05.22"]
[Round "2"]
[White "aphort0212"]
[Black "Buford-Julep"]
[Result "1-0"]
[WhiteElo "1662"]
[BlackElo "1690"]
[Opening "French: Alapin variation"]
[ECO "C01"]
[Time "20:00:37"]
[TimeControl "2700+45"]

1. d4 e6 2. e4 d5 3. Be3 dxe4 4. Nd2 Nf6 5. f3 Nd5 6. Qe2 Nxe3 7. Qxe3 Nc6 8. c3
Bd6 9. fxe4 e5 10. Ngf3 O-O 11. Bc4 Qe7 12. O-O Bg4 13. Ng5 exd4 14. cxd4 Nxd4
15. Nxf7 Ne2+ 16. Kh1 Bxh2 17. Qg5 Ng3+ 18. Kxh2 Nxf1+ 19. Rxf1 Qxg5 20. Nxg5+
Kh8 21. Nf7+ Rxf7 22. Rxf7 h5 23. Rxc7 b5 24. Bxb5 Rb8 25. a4 a6 26. Bxa6 Rxb2
27. Nc4 Ra2 28. Bb5 Bf3 29. Kg3 Bxe4 30. Ne3 Ra3 31. Kf4 Bb1 32. Nc4 Ra2 33. a5
Rxg2 34. a6 g5+ 35. Ke5 Rf2 36. a7 Rf5+ 37. Kd4 Rf4+ 38. Kc5 Be4 39. Bc6 Bxc6
40. Rxc6 Rf8 41. Rh6+ Kg7 42. Rxh5 Kg6 43. Rh2 g4 44. Ra2 Ra8 45. Nb6 Rxa7 46.
Rxa7 Kf5 47. Nd5 Ke4 48. Re7+ Kf3 49. Kd4 g3 50. Ne3 Kf2 51. Rf7+ Kg1 52. Ke4
Kh2 53. Nf1+ Kh3 54. Nxg3 {Black resigns} 1-0

[Event "Team 45 45 League T49"]
[Site "Internet Chess Club"]
[Date "2011.05.22"]
[Round "2"]
[White "Rhitz"]
[Black "sdcohle"]
[Result "1-0"]
[WhiteElo "1366"]
[BlackElo "1391"]
[Opening "French: Marshall variation"]
[ECO "C10"]
[Time "15:30:12"]
[TimeControl "2700+45"]

1. e4 e6 2. d4 d5 3. Nc3 c5 4. Nf3 Nc6 5. Bb5 Bd7 6. exd5 exd5 7. Nxd5 Qa5+ 8.
Bd2 Qd8 9. Qe2+ Nge7 10. Ne5 Nxe5 11. Bxd7+ Qxd7 12. Qxe5 f6 13. Nc7+ Kf7 14.
Qxc5 Rc8 15. Qc4+ Kg6 16. Qd3+ f5 17. Qg3+ Kf7 18. Qb3+ Kf6 19. Nb5 Nd5 20.
O-O-O Be7 21. Nc3 b6 22. Nxd5+ Kg6 23. Nxe7+ Qxe7 24. Rhe1 Qf6 25. Qg3+ Kf7 26.
Qe5 Qxe5 27. Rxe5 Rcd8 28. Rxf5+ Kg6 29. Rf4 h5 30. h4 Rhe8 31. Re1 Rxe1+ 32.
Bxe1 Re8 33. Kd2 Kh6 34. f3 g6 35. Re4 Rd8 36. Kd3 Rd7 37. Bd2+ Kg7 38. c4 Rd6
39. d5 a6 40. Re6 Rxe6 41. dxe6 Kf6 42. Bg5+ Kxe6 43. b4 Kd7 44. a4 Kc6 45. Kd4
Kd6 46. c5+ bxc5+ 47. bxc5+ Kc6 48. g4 hxg4 49. fxg4 Kd7 50. Kd5 Kc7 51. Bf4+
Kd7 52. c6+ Kc8 53. Kd6 Kd8 54. h5 gxh5 55. gxh5 Kc8 56. h6 Kb8 57. Be3 a5 58.
h7 Ka8 59. h8=Q# {Black checkmated} 1-0

[Event "Team 45 45 League T49"]
[Site "Internet Chess Club"]
[Date "2011.05.20"]
[Round "2"]
[White "drsigmund1"]
[Black "SirIvanhoe"]
[Result "1/2-1/2"]
[WhiteElo "1420"]
[BlackElo "1453"]
[Opening "Caro-Kann: advance variation"]
[ECO "B12"]
[Time "13:00:09"]
[TimeControl "2700+45"]

1. e4 c6 2. d4 d5 3. e5 Bf5 4. Bd3 Bxd3 5. Qxd3 e6 6. Nf3 Ne7 7. Bg5 Qb6 8. b3
Ng6 9. O-O Be7 10. Nc3 Nd7 11. Ne2 c5 12. c3 Rc8 13. Rac1 c4 14. Qb1 O-O 15. b4
Qd8 16. Bxe7 Qxe7 17. h4 Nxh4 18. Nxh4 Qxh4 19. g3 Qe7 20. Kg2 f5 21. Nf4 g6 22.
a4 b6 23. b5 Qe8 24. Rh1 Rf7 25. Nh3 Qe7 26. f4 h6 27. Qa2 Rh7 28. a5 bxa5 29.
Qxa5 Nb6 30. Ra1 Qb7 31. Nf2 Rb8 32. g4 Na8 33. gxf5 gxf5 34. Rab1 Qb6 35. Qb4
Nc7 36. Qd6 Ne8 37. Qc5 Qxc5 38. dxc5 Nc7 39. b6 axb6 40. Rxb6 Rxb6 41. cxb6 Na8
42. b7 Rxb7 43. Rxh6 Nc7 44. Kf3 Rb1 45. Ke3 Rb2 46. Nh3 Rc2 47. Kd4 Kg7 {Game
drawn by mutual agreement} 1/2-1/2

[Event "Team 45 45 League T49"]
[Site "Internet Chess Club"]
[Date "2011.05.22"]
[Round "2"]
[White "RD1974"]
[Black "gerailen0075"]
[Result "1-0"]
[WhiteElo "1612"]
[BlackElo "1884"]
[Opening "French: King's Indian attack"]
[ECO "C00"]
[Time "19:01:32"]
[TimeControl "2700+45"]

1. e4 e6 2. d3 d5 3. Nd2 Nf6 4. Ngf3 Nc6 5. g3 dxe4 6. dxe4 e5 7. h3 Bc5 8. Bg2
O-O 9. O-O b6 10. c3 a5 11. Qa4 Bd7 12. Qc2 a4 13. Nc4 Qe7 14. Be3 b5 15. Bxc5
Qxc5 16. Ne3 Na5 17. Nd5 c6 18. Nb4 Rfe8 19. Rad1 Qa7 20. Nd3 Nc4 21. Nb4 Nh5
22. Kh2 f6 23. b3 axb3 24. axb3 Nb6 25. Rd6 Re6 26. Nxc6 Qc7 27. Rxe6 Bxe6 28.
Nb4 Ra3 29. Nd2 Qf7 30. Qb2 Ra8 31. Nc2 Rc8 32. Ne3 Qd7 33. Rd1 Qc7 34. Rc1 g6
35. Nd5 Bxd5 36. exd5 Qc5 37. Ne4 Qf8 38. Rd1 h6 39. Bf1 f5 40. Nd2 Nxd5 41. c4
f4 42. g4 Ne3 43. fxe3 fxe3 44. Ne4 Qf4+ 45. Kg1 Qxe4 46. gxh5 Kh8 47. Bg2 Qf4
48. Rf1 Qd4 49. Qxd4 exd4 50. hxg6 d3 51. Rf7 d2 52. Bf3 Rd8 53. g7+ Kg8 54.
Rf8+ Rxf8 55. gxf8=Q+ Kxf8 56. Kf1 bxc4 57. bxc4 Ke7 58. Ke2 Kd6 59. Kxe3 Kc5
60. Kd3 Kb4 61. Be2 {Black resigns} 1-0

[Event "Team 45 45 League T49"]
[Site "Internet Chess Club"]
[Date "2011.05.20"]
[Round "2"]
[White "BrandonBee"]
[Black "leo6"]
[Result "0-1"]
[WhiteElo "1541"]
[BlackElo "1682"]
[Opening "Ruy Lopez: Classical defense deferred"]
[ECO "C70"]
[Time "17:00:11"]
[TimeControl "2700+45"]

1. e4 e5 2. Nf3 Nc6 3. Bb5 a6 4. Ba4 Bc5 5. d3 d6 6. c3 Nf6 7. h3 b5 8. Bb3 O-O
9. Nbd2 Bb7 10. Nf1 d5 11. Ng3 dxe4 12. dxe4 Qxd1+ 13. Bxd1 Rad8 14. Bg5 Rd7 15.
Bxf6 gxf6 16. Nh5 Be7 17. Nh4 Rfd8 18. Nf5 Kf8 19. O-O Rd2 20. Rb1 Na5 21. f3
Nc4 22. b3 Nb2 23. b4 Nxd1 {White resigns} 0-1

[Event "Team 45 45 League T49"]
[Site "Internet Chess Club"]
[Date "2011.05.21"]
[Round "2"]
[White "Warpdrive"]
[Black "Helaman"]
[Result "0-1"]
[WhiteElo "1598"]
[BlackElo "1479"]
[Opening "Ruy Lopez: Marshall counter-attack"]
[ECO "C89"]
[Time "22:01:14"]
[TimeControl "2700+45"]

1. e4 e5 2. Nf3 Nc6 3. Bb5 a6 4. Ba4 Nf6 5. O-O Be7 6. Re1 b5 7. Bb3 O-O 8. c3
d5 9. exd5 Nxd5 10. d3 Be6 11. Bc2 Qd7 12. Nbd2 Rae8 13. Nxe5 Nxe5 14. Rxe5 Bd6
15. Re1 Bg4 16. Nf3 Rxe1+ 17. Qxe1 Bxf3 18. gxf3 Qh3 19. f4 Nxf4 20. Bxf4 Bxf4
21. Qe4 Bxh2+ 22. Kh1 Bg3+ 23. Kg1 Qh2+ {White resigns} 0-1

[Event "Team 45 45 League T49"]
[Site "Internet Chess Club"]
[Date "2011.05.22"]
[Round "2"]
[White "blizzard13"]
[Black "pudge"]
[Result "1-0"]
[WhiteElo "1436"]
[BlackElo "1430"]
[Opening "Scotch gambit: Benima defense"]
[ECO "C50"]
[Time "13:02:06"]
[TimeControl "2700+45"]

1. e4 e5 2. Nf3 Nc6 3. Bc4 Be7 4. d4 exd4 5. Nxd4 Nf6 6. Nc3 O-O 7. O-O d6 8.
Nxc6 bxc6 9. a4 Be6 10. Qe2 Rb8 11. b3 Nxe4 12. Nxe4 d5 13. Bd3 dxe4 14. Bxe4 c5
15. Be3 Rb4 16. Rfd1 Qc8 17. Bd2 Rb8 18. Rab1 Re8 19. Bc6 Bd7 20. Qe4 Bd6 21.
Qf3 Bxc6 22. Qxc6 Re6 23. Qf3 Rf6 24. Qh5 Qb7 25. g3 Qe4 26. c4 Rf5 27. Qh3 Qf3
28. Be3 Rxb3 29. Rxb3 Qxd1+ 30. Kg2 Rxf2+ 31. Bxf2 Qxb3 32. Qc8+ Bf8 33. Bxc5
Qc2+ 34. Kh3 h6 35. Qxf8+ Kh7 36. Qxf7 Qxa4 37. Bd4 {Black resigns} 1-0

[Event "Team 45 45 League T49"]
[Site "Internet Chess Club"]
[Date "2011.05.20"]
[Round "2"]
[White "achessfool"]
[Black "KyleMayhugh"]
[Result "0-1"]
[WhiteElo "1380"]
[BlackElo "1381"]
[Opening "Sicilian"]
[ECO "B56"]
[Time "10:00:36"]
[TimeControl "2700+45"]

1. e4 c5 2. Nf3 d6 3. d4 cxd4 4. Nxd4 Nf6 5. Nc3 Nc6 6. Be3 e5 7. Ndb5 a6 8. Na3
Be7 9. f3 O-O 10. Nd5 Be6 11. Bb6 Qc8 12. Nc7 Rb8 13. Nxe6 fxe6 14. Qd2 Nd7 15.
Be3 b5 16. O-O-O Nf6 17. g4 d5 18. g5 d4 19. gxf6 dxe3 20. Qxe3 Rxf6 21. Bg2 Rg6
22. Qf2 Nd4 23. Kb1 b4 24. c3 bxa3 25. cxd4 Rxb2+ {White resigns} 0-1

[Event "Team 45 45 League T49"]
[Site "Internet Chess Club"]
[Date "2011.05.21"]
[Round "2"]
[White "BishopMike"]
[Black "PANAMA-REY"]
[Result "1-0"]
[WhiteElo "1464"]
[BlackElo "1291"]
[Opening "Danish gambit"]
[ECO "C21"]
[Time "11:00:27"]
[TimeControl "2700+45"]

1. e4 e5 2. d4 exd4 3. c3 d6 4. Nf3 dxc3 5. Bc4 Be7 6. Nxc3 Nf6 7. e5 dxe5 8.
O-O O-O 9. Qc2 Bg4 10. Nxe5 c6 11. Nxg4 Nxg4 12. Bf4 Bg5 13. Rad1 Qf6 14. Bg3
Bf4 15. Ne4 Qh6 16. h3 Bxg3 17. fxg3 Ne3 18. Rxf7 Nxc2 19. Rf6+ Kh8 20. Rxf8#
{Black checkmated} 1-0

[Event "Team 45 45 League T49"]
[Site "Internet Chess Club"]
[Date "2011.05.21"]
[Round "2"]
[White "Burbia"]
[Black "TheronUAL"]
[Result "0-1"]
[WhiteElo "1320"]
[BlackElo "1468"]
[Opening "Caro-Kann: Panov-Botvinnik attack, 5...e6"]
[ECO "B14"]
[Time "11:00:25"]
[TimeControl "2700+45"]

1. e4 c6 2. d4 d5 3. exd5 cxd5 4. c4 Nf6 5. Nc3 e6 6. Nf3 Nc6 7. c5 a6 8. Bd3
Be7 9. Bf4 O-O 10. a3 h6 11. O-O Re8 12. Re1 Bf8 13. Na4 Nd7 14. b4 Qf6 15. Qd2
e5 16. Nc3 Qe6 17. Bc2 e4 18. Bb3 Nf6 19. Qa2 Qf5 20. Bxh6 gxh6 21. Nd2 Ng4 22.
f3 e3 23. Nf1 Bg7 24. fxg4 Qxg4 25. Bxd5 Be6 26. Nxe3 Bxd4 27. Kh1 Qh5 28. Qc4
Be5 29. h3 Nd4 30. Bxe6 Rxe6 31. Rad1 Nf3 32. gxf3 Qxf3+ 33. Kg1 Rg6+ 34. Ng4
Qg3+ 35. Kf1 Qxh3+ 36. Ke2 Rxg4 37. Rg1 Qh2+ 38. Kd3 Rxg1 {White resigns} 0-1

[Event "Team 45 45 League T49"]
[Site "Internet Chess Club"]
[Date "2011.05.21"]
[Round "2"]
[White "pudge"]
[Black "chicopee-ed"]
[Result "1-0"]
[WhiteElo "1477"]
[BlackElo "1388"]
[Opening "French: exchange variation"]
[ECO "C01"]
[Time "13:01:54"]
[TimeControl "2700+45"]

1. e4 e6 2. d4 d5 3. exd5 exd5 4. Nc3 Nc6 5. Be3 Nf6 6. Nf3 Bg4 7. Be2 Be7 8. h3
Bxf3 9. Bxf3 O-O 10. O-O Re8 11. Re1 a6 12. Bf4 Bd6 13. Rxe8+ Nxe8 14. Bxd6 Qxd6
15. Nxd5 Nxd4 16. Qxd4 c6 17. Re1 cxd5 18. Bxd5 Kf8 19. Qc4 b5 20. Qc6 Qxc6 21.
Bxc6 Rc8 22. Rxe8+ Rxe8 23. Bxe8 Kxe8 24. f4 a5 25. g4 Kd7 26. Kf2 Kd6 27. Ke3
Kc5 28. Kd3 h6 29. h4 f6 30. Ke4 Kc4 31. a3 a4 32. g5 b4 33. axb4 Kxb4 34. gxf6
gxf6 35. Kf5 a3 36. bxa3+ {Black resigns} 1-0

[Event "Team 45 45 League T49"]
[Site "Internet Chess Club"]
[Date "2011.05.20"]
[Round "2"]
[White "milesotoole"]
[Black "tworivers"]
[Result "0-1"]
[WhiteElo "1417"]
[BlackElo "1420"]
[Opening "Scandinavian defense"]
[ECO "B01"]
[Time "22:06:55"]
[TimeControl "2700+45"]

1. e4 d5 2. exd5 Nf6 3. d4 Qxd5 4. Nc3 Qd8 5. Nf3 e6 6. Bg5 Be7 7. Bc4 Nd5 8.
Nxd5 exd5 9. Bxe7 Qxe7+ 10. Qe2 dxc4 11. Rd1 Qxe2+ 12. Kxe2 O-O 13. Ne5 Bf5 14.
Rd3 cxd3+ {White resigns} 0-1

[Event "Team 45 45 League T49"]
[Site "Internet Chess Club"]
[Date "2011.05.24"]
[Round "2"]
[White "Bamilus"]
[Black "Just-Jim"]
[Result "0-1"]
[WhiteElo "1285"]
[BlackElo "1383"]
[Opening "Scandinavian (center counter) defense"]
[ECO "B01"]
[Time "18:00:48"]
[TimeControl "2700+45"]

1. e4 d5 2. exd5 Qxd5 3. Nc3 Qd8 4. d4 Nf6 5. Nf3 a6 6. Be2 Nc6 7. O-O Bf5 8. a3
h6 9. d5 Na7 10. Re1 e6 11. Bd3 Be7 12. Bxf5 exf5 13. Nd4 Nc8 14. Nxf5 O-O 15.
Nxh6+ gxh6 16. Bxh6 Re8 17. Qd3 Bf8 18. Bg5 Bg7 19. Qg3 Nd6 20. Rxe8+ Ndxe8 21.
Re1 Qd6 22. Re5 Nh7 23. Ne4 Qxe5 24. Bf4 Qxe4 25. Kh1 {White resigns} 0-1

[Event "Team 45 45 League T49"]
[Site "Internet Chess Club"]
[Date "2011.05.20"]
[Round "2"]
[White "Toalla"]
[Black "medsurg"]
[Result "1/2-1/2"]
[WhiteElo "1236"]
[BlackElo "1305"]
[Opening "Réti: King's Indian attack, Yugoslav variation"]
[ECO "A00"]
[Time "17:13:55"]
[TimeControl "2700+45"]

1. g3 Nf6 2. Nf3 d5 3. Bg2 Bg4 4. O-O c6 5. d3 h6 6. Nbd2 Nbd7 7. e4 Qc7 8. b3
dxe4 9. dxe4 O-O-O 10. Qe1 Ne5 11. Bb2 Nxf3+ 12. Nxf3 Bxf3 13. Bxf3 e5 14. Rd1
Be7 15. Qc3 Bd6 16. b4 h5 17. a4 g5 18. b5 g4 19. Bg2 Rhe8 20. bxc6 Qxc6 21.
Qxc6+ bxc6 22. Rd3 Bc7 23. Rfd1 Nd7 24. h4 Nc5 25. Rxd8+ Rxd8 26. Rxd8+ Kxd8 27.
Kf1 Nxa4 28. Bc1 Nc5 29. Ke2 Ne6 30. Bf1 Nd4+ 31. Kd3 Bb6 32. Be3 Kd7 33. Kc3 c5
34. Bc4 f6 35. Bf7 f5 36. exf5 Nxf5 37. Bxh5 Nxe3 38. fxe3 Ke7 39. Bxg4 Kf6 40.
e4 Ba5+ 41. Kc4 Be1 42. Kxc5 Bxg3 43. Kc6 Bxh4 44. c4 Bf2 45. c5 a5 46. Kb5 a4
47. Kxa4 Bxc5 48. Kb3 Kg5 49. Be2 Kf4 50. Bd3 {Game drawn by mutual agreement}
1/2-1/2

[Event "Team 45 45 League T49"]
[Site "Internet Chess Club"]
[Date "2011.05.22"]
[Round "2"]
[White "UsuallySleepy"]
[Black "fledermaus"]
[Result "1/2-1/2"]
[WhiteElo "1884"]
[BlackElo "2043"]
[Opening "Sicilian: Scheveningen variation"]
[ECO "B80"]
[Time "20:02:26"]
[TimeControl "2700+45"]

1. e4 c5 2. Nf3 e6 3. d4 cxd4 4. Nxd4 Nf6 5. Nc3 d6 6. Be3 Be7 7. f3 Nc6 8. Qd2
O-O 9. O-O-O d5 10. exd5 Nxd5 11. Nxd5 Qxd5 12. c4 Qd8 13. Nxc6 bxc6 14. Qxd8
Rxd8 15. Rxd8+ Bxd8 16. c5 Bc7 17. Bd3 Bb7 18. g3 Rd8 19. Rd1 h6 20. Bc4 Rxd1+
21. Kxd1 e5 22. b4 Kf8 23. a4 a6 24. Bd3 Bc8 25. Be4 Bd7 26. g4 Bd8 27. Bd3
{Game drawn by mutual agreement} 1/2-1/2